AoeStats
← RoR | Vodka_L_2

Arabia

510091653Analyzed
1v1 RM · 4d ago on Sep 29, 2026· 38m 12s· 2 players
Game mode
Random Map
Map size
Tiny (2 player)
Population
200
Speed
Normal
Resources
Standard
Victory
Conquest
Starting age
Dark Age
Ending age
Imperial Age
RankedLock teamsTeams togetherTeam positionsShared explorationLock speedFull tech treeHidden civsTurbo modeCheats
Victory
Defeat
🇨🇳 Varangians · China
2521
+20
🇮🇹 Danes · Italy
2617
-20
_LY_lyx
6:06 Loom
8:25 Feudal Age
7:08 Loom
9:07 Double-Bit Axe
11:28 Horse Collar
11:48 Fletching
19:36 Castle Age
18:13 Gold Mining
19:10 Bloodlines
20:51 Wheelbarrow
20:29 Bow Saw
22:08 Husbandry
24:28 Padded Archer Armor
24:09 Elite Skirmisher
26:25 Bodkin Arrow
27:04 Ballistics
29:48 Leather Archer Armor
31:11 Hand Cart
35:23 Imperial Age
33:33 Scale Mail Armor
33:44 Forging
34:20 Scale Barding Armor
33:37 Vendel Legacy
35:46 Iron Casting
36:28 Chain Barding Armor
36:29 Conscription
35:31 Cavalier
38:49 Plate Barding Armor
38:52 Guilds
RoR | Vodka_L_2
6:34 Loom
8:46 Feudal Age
9:53 Double-Bit Axe
15:14 Fletching
20:10 Castle Age
18:27 Gold Mining
18:59 Horse Collar
21:07 Bow Saw
22:43 Wheelbarrow
22:09 Bodkin Arrow
22:34 Husbandry
22:45 Bloodlines
23:05 Town Watch
23:31 Padded Archer Armor
25:05 Ballistics
32:30 Imperial Age
33:37 Bracer
34:32 Cranequins
37:09 Chemistry
36:49 Thumb Ring
Connection lost

Rejoining the realm…

Still unreachable

The connection could not be restored.

Session expired

The server has moved on; the page needs a fresh start.